 Dungeon Crawl Stone Soup version bcrawl-1.28.1b (webtiles) character file.

Game seed: 16866807660886671189

255768 KristoblXynda the Nimble (level 9, -9/42 HPs)
             Began as a Spriggan Skald on Dec 14, 2020.
             Was an Initiate of Ashenzari.
             Mangled by a white ugly thing (28 damage)
             ... on level 7 of the Dungeon.
             The game lasted 00:19:29 (7719 turns).

KristoblXynda the Nimble (Spriggan Skald)           Turns: 7719, Time: 00:19:29

Health: -9/42      AC: 10    Str:  9    XL:     9   Next: 59%
Magic:  14/14      EV: 27    Int: 16    God:    Ashenzari [......]
Gold:   350        SH:  0    Dex: 20    Spells: 3/13 levels left

rFire    . . .     SeeInvis +   m - +2 dagger (venom)
rCold    . . .     Gourm    .   (shield restricted)
rNeg     . . .     Faith    .   b - +1 robe
rPois    .         Spirit   .   (helmet restricted)
rElec    .         Reflect  .   v - +0 cloak
rCorr    .         Harm     .   (gloves unavailable)
MR       +....                  (boots unavailable)
Stlth    +++++.....             (no amulet)
HPRegen  0.14/turn              c - +6 ring of protection (curse)
MPRegen  0.14/turn              A - +5 ring of dexterity

@: very quick
A: very small, unfitting armour, see invisible, herbivore, speed 3, slow
metabolism 2
a: Curse Item, Renounce Religion


You were on level 7 of the Dungeon.
You worshipped Ashenzari.
Ashenzari was noncommittal.
You were hungry.

You visited 2 branches of the dungeon, and saw 9 of its levels.

You collected 350 gold pieces.

Inventory:

Hand Weapons
 a - a +1 rapier
 m - a +2 dagger of venom (weapon)
Missiles
 x - a throwing net {=f}
Armour
 b - a +1 robe (worn)
 v - a +0 cloak (worn)
Jewellery
 c - a cursed +6 ring of protection (left hand)
 j - an uncursed ring of insulation
 s - an uncursed ring of magical power
 A - a +5 ring of dexterity (right hand)
 B - an uncursed ring of protection from magic
Wands
 l - a wand of digging (9)
 y - a wand of flame (24)
Scrolls
 d - 2 scrolls of fear
 h - 3 scrolls of teleportation
 o - a scroll of enchant armour
 p - 4 scrolls of remove curse
 q - a scroll of fog {unknown}
 t - a scroll of magic mapping {unknown}
 w - a scroll of amnesia {unknown}
Potions
 f - 3 potions of lignification
 g - a potion of heal wounds
 i - 2 potions of mutation {unknown}
 k - a potion of haste {unknown}
 n - 4 potions of flight {unknown}
 r - a potion of invisibility {unknown}
 u - 3 potions of agility
 z - a potion of brilliance {unknown}
Comestibles
 e - 13 rations {!d}


   Skills:
 - Level 2.0 Fighting
 + Level 8.5 Short Blades
 + Level 10.2 Dodging
 - Level 10.0 Stealth
 - Level 2.6 Spellcasting
 + Level 2.3 Hexes
 - Level 10.0 Charms
 + Level 0.0 Evocations


You had 3 spell levels left.
You knew the following spells:

 Your Spells              Type           Power        Failure   Level  Hunger
a - Infusion              Chrm           ####....     1%          1    None
b - Ozocubu's Armour      Chrm/Ice       ###.....     8%          3    ####...
c - Confuse               Hex            #.......     22%         3    ####...
d - Regeneration          Chrm/Necr      ###.......   8%          3    ####...

Your spell library contained the following spells:

 Spells                   Type           Power        Failure   Level  Hunger
 Song of Slaying          Chrm           ####....     1%          2    ##.....
 Spectral Weapon          Hex/Chrm       ###.....     4%          3    ####...
 Dazzling Orbs            Conj/Hex       #......      34%         3    ####...
 Yara's Violent Unravell  Hex/Tmut       #.........   75%         4    #####..
 Petrify                  Tmut/Erth      #.........   88%         4    #####..
 Metabolic Englaciation   Hex/Ice        #.........   97%         5    #######
 Mana Rupture             Conj/Hex       #.........   100%        7    #######


Dungeon Overview and Level Annotations

Branches:
Dungeon (8/12)             Temple (1/1) D:5             Orc (0/1) D:8
   Lair: D:7-9

Altars:
Ashenzari
Cheibriados
Dithmenos
Elyvilon
Fedhas
Gozag
Hepliaklqana
Kikubaaqudgha
Lugonu
Makhleb
Nemelex Xobeh
Okawaru
Qazlal
Sif Muna
Trog
Uskayaw
Vehumet
Wu Jian
Xom
Yredelemnul
Zin
The Shining One

Shops:
D:7 (


Innate Abilities, Weirdness & Mutations

You are very small and have problems with some larger weapons.
You are too small for most types of armour.
You have supernaturally acute eyesight. (SInv)
You are a herbivore.
You cover ground extremely quickly.
You need to consume almost no food.


Message History

The white ugly thing is heavily wounded.
You hit the white ugly thing.
The white ugly thing is poisoned.
The white ugly thing is heavily wounded.
The white ugly thing misses you.
You hit the white ugly thing but do no damage.
The white ugly thing looks more poisoned.
The white ugly thing is heavily wounded.
The white ugly thing barely misses you.
You barely miss the white ugly thing.
The white ugly thing is heavily wounded.
You hit the white ugly thing but do no damage.
The white ugly thing is heavily wounded.
The white ugly thing bites you but does no damage.
The white ugly thing bites you. The white ugly thing freezes you!!
You hit the white ugly thing.
The white ugly thing looks more poisoned.
The white ugly thing is severely wounded.
The white ugly thing bites you. The white ugly thing freezes you!!
Ouch! That really hurt!
You die...

#.#...#.# #.# #.. ##.......####.#
#.# #(..........#.#######.#
#.##...###............#
#########.###.####..#.....#####
#..........##.# #.....##...####
#.#######..##<# #...##.........
###.#######..##.###...##.#...####
....#...........@u....Z..##.##
..^...#####..######...#####.#
###########..######.#.# #u#
#...........)#.# #.#
#.##..#####..#.# #.#
#.##...........# #.#
#.###<#####..### #.# #.# #..#
#..# #.# #.# ##.# #..# #.#


You could see a white ugly thing and a hound zombie (wandering).

Vanquished Creatures
  A komodo dragon (D:8)
  Prince Ribbit (D:5)
  A slime creature (D:6)
  A hippogriff (D:7)
  A wyvern (D:7)
  Edmund (D:5)
  3 orc warriors
  2 ice beasts
  A phantom (D:7)
  3 ogres
  A centaur (D:7)
  4 bullfrogs (D:6)
  3 scorpions
  A howler monkey (D:6)
  3 crimson imps
  A jelly (D:6)
  2 bullfrog zombies
  2 bullfrog skeletons (D:5)
  A centaur skeleton (D:5)
  2 orc wizards
  A worker ant (D:6)
  2 iguanas
  2 hound skeletons
  Robin (D:2)
  A gnoll (D:3)
  3 adders
  A shadow imp (D:5)
  An adder skeleton (D:6)
  A worm (D:1)
  3 dart slugs
  7 leopard geckos
  29 orcs
  6 bats
  2 giant cockroaches
  12 goblins
  23 hobgoblins
  2 jackals (D:6)
  6 kobolds
  2 quokkas
  2 ball pythons
  3 frilled lizards
  2 jackal skeletons
  4 rats (D:1)
151 creatures vanquished.

Vanquished Creatures (others)
  A worm (D:2)
1 creature vanquished.

Grand Total: 152 creatures vanquished

Notes
Turn   | Place    | Note
-------+----------+-------------------------------------------
     0 | D:1      | KristoblXynda the Spriggan Skald began the quest for the
                  | Orb.
     0 | D:1      | Reached XP level 1. HP: 10/10 MP: 5/5
   131 | D:1      | Reached XP level 2. HP: 12/15 MP: 6/6
  1009 | D:1      | Reached XP level 3. HP: 18/18 MP: 8/8
  1110 | D:2      | Reached skill level 5 in Charms
  1127 | D:2      | Noticed Robin
  1143 | D:2      | Reached skill level 1 in Stealth
  1533 | D:1      | Reached XP level 4. HP: 13/23 MP: 9/9
  1638 | D:2      | Killed Robin
  1940 | D:2      | HP: 1/34 [crimson imp (2)]
  2277 | D:3      | Reached skill level 5 in Dodging
  2277 | D:3      | Reached XP level 5. HP: 22/26 MP: 10/10
  2300 | D:3      | Found a hide-covered altar of Uskayaw.
  2302 | D:3      | Noticed a +0 dagger
  2303 | D:3      | Noticed a +0 dagger
  2624 | D:3      | Noticed an orc warrior
  2646 | D:3      | Killed an orc warrior
  2755 | D:3      | Learned a level 3 spell: Ozocubu's Armour
  3175 | D:4      | Reached XP level 6. HP: 12/30 MP: 11/11
  3891 | D:5      | Entered Level 5 of the Dungeon
  3938 | D:5      | Noticed Edmund
  3973 | D:5      | Reached skill level 5 in Stealth
  3994 | D:5      | Killed Edmund
  3995 | D:5      | Reached skill level 5 in Short Blades
  3995 | D:5      | Reached XP level 7. HP: 15/35 MP: 4/12
  4204 | D:5      | Noticed Prince Ribbit
  4219 | D:5      | Killed Prince Ribbit
  4456 | D:5      | Found a staircase to the Ecumenical Temple.
  4639 | Temple   | Entered the Ecumenical Temple
  4719 | Temple   | Became a worshipper of Ashenzari the Shackled
  5186 | D:6      | Reached XP level 8. HP: 34/39 MP: 13/13
  5434 | D:6      | Noticed a slime creature
  5529 | D:6      | Learned a level 3 spell: Confuse
  5671 | D:6      | Killed a slime creature
  6320 | D:7      | Reached XP level 9. HP: 42/42 MP: 14/14
  6387 | D:7      | Noticed a white ugly thing
  6636 | D:7      | Found Sugha's Weapon Emporium.
  6892 | D:7      | Learned a level 3 spell: Regeneration
  6917 | D:7      | Reached skill level 10 in Charms
  7006 | D:7      | Reached skill level 1 in Hexes
  7227 | D:8      | Found an iron altar of Okawaru.
  7242 | D:8      | Noticed an orc knight
  7244 | D:8      | Found a staircase to the Orcish Mines.
  7245 | D:8      | Noticed an orc knight
  7246 | D:8      | Noticed an orc knight
  7250 | D:8      | Noticed an orc knight
  7273 | D:8      | Noticed a komodo dragon
  7369 | D:8      | Killed a komodo dragon
  7370 | D:8      | Reached skill level 10 in Dodging
  7370 | D:8      | Reached skill level 10 in Stealth
  7719 | D:7      | Mangled by a white ugly thing

Skill      XL: |  1  2  3  4  5  6  7  8  9 |
---------------+----------------------------+-----
Dodging        | 4 5 6 7 9 10 | 10.2
Fighting       | 2 |  2.0
Short Blades   | 3 4 5 6 7 8 |  8.5
Charms         | 5 6 7 9 10 | 10.0
Stealth        | 1 2 4 5 6 8 10 | 10.0
Hexes          | 2 |  2.3
Spellcasting   | |  2.6

Action                   |  1- 3 |  4- 6 |  7- 9 || total
-------------------------+-------+-------+-------++-------
Melee: Rapier            |   144 |   113 |       ||   257
       Dagger            |       |    97 |   388 ||   485
 Cast: Infusion          |     3 |     8 |     2 ||    13
Invok: Curse Item        |       |       |     1 ||     1
  Use: Scroll            |     2 |     3 |     1 ||     6
       Potion            |       |     1 |     1 ||     2
 Stab: Sleeping          |     1 |     5 |    12 ||    18
       Distracted        |       |       |     2 ||     2
  Eat: Ration            |     1 |     2 |     2 ||     5
Armor: Robe              |    26 |    15 |    28 ||    69
       Skin              |       |     1 |     9 ||    10
Dodge: Dodged            |   148 |   175 |   242 ||   565
